 Dungeon Crawl Stone Soup version 0.26-a0-1164-g1a551d6a14 (webtiles) character file.

Game seed: 11131157866585287534

35 vvl the Cudgeller (level 3, 0/29 HPs)
             Began as a Demonspawn Monk on Dec 24, 2020.
             Slain by a jackal (2 damage)
             ... on level 1 of the Dungeon.
             The game lasted 00:02:17 (940 turns).

vvl the Cudgeller (Demonspawn Monk)                  Turns: 940, Time: 00:02:18

Health: 0/29       AC:  2    Str: 12    XL:     3   Next: 16%
Magic:  3/3        EV: 13    Int: 11    God:
Gold:   18         SH:  0    Dex: 15    Spells: 2/2 levels left

rFire    . . .     SeeInvis .   a - +0 mace
rCold    . . .     Faith    .   (no shield)
rNeg     . . .     Spirit   .   b - +0 robe
rPois    .         Reflect  .   (no helmet)
rElec    .         Harm     .   (no cloak)
rCorr    .         Rampage  .   (no gloves)
Will     .....                  (no boots)
Stlth    ++........             (no amulet)
HPRegen  0.09/turn              (no ring)
MPRegen  0.08/turn              (no ring)

@: no status effects
A: hooves 1
a: no special abilities


You were on level 1 of the Dungeon.
You visited 1 branch of the dungeon, and saw 1 of its levels.

You collected 18 gold pieces.

Inventory:

Hand Weapons
 a - a +0 mace (weapon)
Armour
 b - a +0 robe (worn)
Scrolls
 f - a scroll of remove curse {unknown}
Potions
 c - a potion of might {unknown}
 d - a potion of haste {unknown}
 e - a potion of curing {unknown}
 g - a potion of resistance {unknown}


   Skills:
 - Level 3.0 Fighting
 + Level 3.9 Maces & Flails
 - Level 2.6 Dodging
 - Level 1.7 Stealth


You had 2 spell levels left.
You didn't know any spells.
Your spell library was empty.

Dungeon Overview and Level Annotations

Branches:
Dungeon (1/15)

Altars:


Innate Abilities, Weirdness & Mutations

You have large cloven feet.


Message History

You completely miss the jackal.
The jackal is moderately wounded.
The jackal barely misses you. x2; The jackal misses you.
The kobold throws a stone.
The stone misses you. The jackal closely misses you.
The kobold hits you with a +0 club.
* * * LOW HITPOINT WARNING * * *
The jackal bites you but does no damage.
You hit the kobold.
You kill the kobold!
The kobold throws a stone.
The stone closely misses you.
You closely miss the kobold. You kick the kobold, but do no damage.
The kobold hits you with a +0 short sword.
* * * LOW HITPOINT WARNING * * *
You barely miss the kobold. You kick the kobold.
The kobold is severely wounded.
The kobold barely misses you.
You hit the kobold.
You kill the kobold!
The jackal bites you.
You die...

#################
#................
#.#.#############
#)#..# ##♣♣♣♣♣♣.#
#ghh@....#
##.♣♣♣♣♣♣##
#######(.###
#.......h..#
####..........# #
#.............# #
#.............# #
#.............# #
#.............#


You could see 2 jackals and a hobgoblin.

Vanquished Creatures
  7 bats (D:1)
  A giant cockroach (D:1)
  2 hobgoblins (D:1)
  11 jackals (D:1)
  6 kobolds (D:1)
  3 rats (D:1)
30 creatures vanquished.

Vanquished Creatures (others)
  A plant (D:1)
1 creature vanquished.

Grand Total: 31 creatures vanquished

Notes
Turn   | Place    | Note
-------+----------+-------------------------------------------
     0 | D:1      | vvl the Demonspawn Monk began the quest for the Orb.
     0 | D:1      | Reached XP level 1. HP: 18/18 MP: 1/1
   145 | D:1      | Gained mutation: You have large cloven feet. [demonic
                  | ancestry]
   145 | D:1      | Reached XP level 2. HP: 13/24 MP: 2/2
   846 | D:1      | Reached XP level 3. HP: 24/29 MP: 3/3
   938 | D:1      | HP: 1/29 [kobold/+0 short sword (2)]
   940 | D:1      | Slain by a jackal

Illustrated notes

Levels and vault maps discovered:
D:1:      nagdon_arrival_double_spiral, layout_basic, serial_forest,
          infiniplex_forest_clump_double, infiniplex_forest_lined_4_way,
          infiniplex_forest_straight_2, infiniplex_forest_clump_medium,
          infiniplex_forest_clump_medium, minmay_misc_feat_enclosed

Skill      XL: |  1 |
---------------+----+-----
Maces & Flails | 3 |  3.9
Fighting       | |  3.0
Dodging        | |  2.6
Stealth        | |  1.7

Action                   || total
-------------------------++-------
Melee: Mace              ||    77
       Kick              ||    10
 Stab: Sleeping          ||     2
Armor: Robe              ||    21
Dodge: Dodged            ||   118

Table legend: (Time is in decaauts)
 A = Elapsed time spent in this place.
 B = Non-inter-level travel time spent in this place.
 C = Inter-level travel time spent in this place.
 D = Time resting spent in this place.
 E = Time spent auto-exploring this place.
 F = Levels seen in this place.
 G = Mean time per level.
                   A        B        C        D        E       F      G
               +--------+--------+--------+--------+--------+-----+--------+
         Total |    957 |    957 |      0 |      0 |    772 |   1 |  957.0 |
       Dungeon |    957 |    957 |      0 |      0 |    772 |   1 |  957.0 |
               +--------+--------+--------+--------+--------+-----+--------+

Top non-repeatable levels by time:
     D:1: 957 daAuts
